AoeStats
← baby

Arabia

506077752Analyzed
1v1 RM · 21d ago on Sep 12, 2026· 42m 24s· 2 players
Game mode
Random Map
Map size
Tiny (2 player)
Population
200
Speed
Normal
Resources
Standard
Victory
Conquest
Starting age
Dark Age
Ending age
Imperial Age
RankedLock teamsTeams togetherTeam positionsShared explorationLock speedFull tech treeHidden civsTurbo modeCheats
Victory
Defeat
🇨🇳 Vietnamese · China
2099
+13
🇮🇳 Berbers · India
2041
-13
baby
8:25 Feudal Age
8:05 Loom
9:22 Double-Bit Axe
15:50 Fletching
17:38 Padded Archer Armor
18:36 Scale Barding Armor
20:10 Bloodlines
23:50 Wheelbarrow
28:05 Castle Age
27:34 Gold Mining
28:48 Bodkin Arrow
28:40 Crossbowman
40:26 Imperial Age
43:33 Imperial Age
半月回淑
5:29 Loom
9:18 Feudal Age
9:48 Double-Bit Axe
9:44 Horse Collar
15:33 Fletching
19:05 Wheelbarrow
23:24 Castle Age
22:23 Forging
23:38 Scale Barding Armor
24:45 Bow Saw
28:33 Bodkin Arrow
28:37 Stone Mining
28:57 Town Watch
29:23 Heavy Plow
30:50 Padded Archer Armor
35:15 Ballistics
35:28 Leather Archer Armor
36:20 Thumb Ring
42:02 Imperial Age
42:00 Hand Cart
43:00 Caravan
Connection lost

Rejoining the realm…

Still unreachable

The connection could not be restored.

Session expired

The server has moved on; the page needs a fresh start.